 Dungeon Crawl Stone Soup version bcrawl-1.27.5 (console) character file.

Game seed: 9897216172225108994

116140 FIQ the Sneak (level 5, -2/30 HPs)
             Began as a Vine Stalker Archaeologist on Aug 13, 2020.
             Blown up by Robin (5 damage)
             ... with a wand of disintegration (14)
             ... on level 2 of the Dungeon.
             The game lasted 00:07:04 (2778 turns).

FIQ the Sneak (Vine Stalker Archaeologist)          Turns: 2778, Time: 00:07:04

Health: -2/30      AC: 12    Str: 12 (14) XL:     5   Next: 3%
Magic:  15/15      EV:  6    Int:  9 (11) God:
Gold:   153        SH:  0    Dex: 14 (16) Spells: 4/4 levels left

rFire    + . .     SeeInvis .   a - +1 whip
rCold    . . .     Gourm    .   (no shield)
rNeg     . . .     Faith    .   m - +1 chain mail {rF+}
rPois    +         Spirit   .   c - +1 hat
rElec    +         Reflect  .   (no cloak)
rCorr    +         Harm     .   (no gloves)
MR       .....                  d - +1 pair of boots
Stlth    ..........             (no amulet)
HPRegen  0.50/turn              o - ring of magical power
MPRegen  0.14/turn              f - ring of Tomatyng {rElec rPois rCorr Int-3 Dex+3}

@: no status effects
A: fangs 2, regeneration 1, no potion heal 3, rot immunity, strong jaws
a: no special abilities


You were on level 2 of the Dungeon.
You were not hungry.

You visited 1 branch of the dungeon, and saw 2 of its levels.

You collected 153 gold pieces.

Inventory:

Hand Weapons
 a - a +1 whip (weapon)
Armour
 b - a +1 robe
 c - a +1 hat (worn)
 d - a +1 pair of boots (worn)
 m - a +1 chain mail of fire resistance (worn)
Jewellery
 f - the ring of Tomatyng (right hand) {rElec rPois rCorr Int-3 Dex+3}
   (You acquired it on level 2 of the Dungeon)

   [ring of resist corrosion]

   It affects your intelligence (-3).
   It affects your dexterity (+3).
   It insulates you from electricity.
   It protects you from poison.
   It provides partial protection from all sources of acid and corrosion.
 o - a ring of magical power (left hand)
Scrolls
 g - a scroll of magic mapping
 n - a scroll of amnesia
 q - a scroll of fog {unknown}
Potions
 i - a potion of curing
 l - a potion of agility
 p - 2 potions of lignification
Comestibles
 e - 4 rations {!d}
 s - 2 chunks of flesh


   Skills:
 + Level 2.1 Fighting
 * Level 3.0 Maces & Flails
 + Level 1.0 Armour
 - Level 3.3 Dodging
 - Level 4.4 Stealth


You had 4 spell levels left.
You didn't know any spells.
Your spell library was empty.

Dungeon Overview and Level Annotations

Branches:
Dungeon (2/12)

Altars:
Elyvilon

Annotations:
D:2 Robin


Innate Abilities, Weirdness & Mutations

You have extremely sharp teeth.
Your natural rate of healing is unusually fast.
Potions cannot restore your health.
You are immune to rotting.
Your bites deal extra damage.


Message History

As you read the scroll labeled HEOTUD XUCWA, it crumbles to dust.
The creatures around you are filled with an inner flame!
It was a scroll of immolation.
The hobgoblin hits you.
* * * LOW HITPOINT WARNING * * *
The hobgoblin hits you but does no damage.
As you read the scroll labeled FERATA SASAMM, it crumbles to dust.
It is a scroll of enchant weapon.
Your +0 whip glows red for a moment.
The hobgoblin hits you.
* * * LOW HITPOINT WARNING * * *
Robin roars a battlecry!
The goblin goes into a battle-frenzy!
You hear a shout!
As you read the scroll labeled ACEZXIDIUS, it crumbles to dust.
It is a scroll of amnesia.
You feel forgetful for a moment.
You hear a shout!
The hobgoblin hits you with a +0 club.
* * * LOW HITPOINT WARNING * * *
The hobgoblin closely misses you.
Robin zaps a wand.
You are blasted!
You die...

.........# #####)# #.##
.........# ##### #...#.# #...
.........# #...###.#...### ####
.........# #...#.#.#.#.....#
.........# #...#.#.#.#.#.###
.........#####...#.#........<.
...............................
#########........###.##.........
.......w....g# ####.........
...........gg# #.........
..........##@### .......
.....g.#####.gg# ....... .!...#.
###l# .... .... #. #.# #.# gg
... # K. ..... .g. ......# ...
.......# ........# <........#


You could see a worm (inner flame), Robin (inner flame), a leopard gecko (inner
flame), 2 hobgoblins and 2 goblins.

Vanquished Creatures
  Jessica (D:2)
  4 gnolls
  An ooze (D:1)
  An adder skeleton (D:2)
  A worm (D:1)
  A dart slug (D:2)
  3 leopard geckos
  2 bats (D:1)
  2 giant cockroaches (D:2)
  9 goblins
  3 hobgoblins
  2 quokkas
  A frilled lizard (D:1)
  6 kobolds
  4 rats (D:1)
41 creatures vanquished.

Notes
Turn   | Place    | Note
-------+----------+-------------------------------------------
     0 | D:1      | FIQ the Vine Stalker Archaeologist began the quest for the
                  | Orb.
     0 | D:1      | Reached XP level 1. HP: 11/11 MP: 2/2
   139 | D:1      | Reached skill level 1 in Maces & Flails
   148 | D:1      | Reached skill level 1 in Fighting
   205 | D:1      | Reached XP level 2. HP: 16/16 MP: 3/3
  1175 | D:1      | Reached XP level 3. HP: 20/20 MP: 4/4
  1278 | D:1      | Found a white marble altar of Elyvilon.
  2278 | D:1      | Reached XP level 4. HP: 23/26 MP: 5/5
  2610 | D:2      | Noticed Jessica
  2634 | D:2      | Killed Jessica
  2634 | D:2      | Reached skill level 1 in Armour
  2634 | D:2      | Reached XP level 5. HP: 28/30 MP: 6/6
  2634 | D:2      | Identified a scroll of acquirement
  2683 | D:2      | Identified the ring of Tomatyng {rElec rPois rCorr Int-3
                  | Dex+3} (You acquired it on level 2 of the Dungeon)
  2754 | D:2      | Noticed Robin
  2778 | D:2      | Blown up by Robin

Skill      XL: |  1  2  3  4 |
---------------+-------------+-----
Maces & Flails | 1 2 3 |  3.0
Fighting       | 1 2 |  2.1
Armour         | 1 |  1.0
Dodging        | |  3.3
Stealth        | |  4.4

Action                   |  1- 3 |  4- 6 || total
-------------------------+-------+-------++-------
Melee: Whip              |   161 |    65 ||   226
       Bite              |    16 |     6 ||    22
  Use: Potion            |     1 |     1 ||     2
       Scroll            |       |     7 ||     7
 Stab: Sleeping          |     2 |       ||     2
  Eat: Chunk             |     7 |     1 ||     8
       Ration            |       |     1 ||     1
Armor: Robe              |    34 |       ||    34
       Chain mail        |    27 |    27 ||    54
Dodge: Dodged            |   107 |    30 ||   137
